 Dungeon Crawl Stone Soup version 0.22-a0-305-gd21a89c (webtiles) character file.

68474 b5mith the Blocker (level 14, -8/132 HPs)
             Began as a Minotaur Berserker on Mar 28, 2018.
             Was the Champion of Trog.
             Killed from afar by an oklob plant (14 damage)
             ... with a splash of acid
             ... on level 5 of the Lair of Beasts.
             The game lasted 00:53:08 (19019 turns).

b5mith the Blocker (Minotaur Berserker)            Turns: 19019, Time: 00:53:10

Health: -8/132     AC: 10    Str: 31    XL:     14   Next: 86%
Magic:  4/4        EV: 19    Int:  4    God:    Trog [******]
Gold:   1303       SH: 21    Dex: 15    Spells: 13/13 levels left

rFire    . . .     SeeInvis .   a - +3 scimitar (antimagic)
rCold    . . .     Gourm    .   y - +0 shield
rNeg     + . .     Faith    .   D - +4 scale mail {rN+}
rPois    .         Spirit   .   (helmet restricted)
rElec    .         Reflect  +   H - +0 cloak
rCorr    .         Harm     .   v - +0 pair of gloves
MR       +....     Rnd*Rage +   P - +0 pair of boots
Stlth    ..........             u - +6 amulet of reflection
HPRegen  0.32/turn              C - +4 ring of dexterity
MPRegen  0.09/turn              r - +5 ring of strength

@: about to teleport, corroded
A: retaliatory headbutt, horns 2, berserk 1
a: Berserk, Trog's Hand, Brothers in Arms, Renounce Religion


You were on level 5 of the Lair of Beasts.
You worshipped Trog.
Trog was exalted by your worship.
You were not hungry.

You visited 2 branches of the dungeon, and saw 20 of its levels.

You collected 1504 gold pieces.
You spent 201 gold pieces at shops.

Inventory:

Hand Weapons
 a - a +3 antimagic scimitar (weapon)
Missiles
 M - 7 exploding tomahawks (quivered)
Armour
 v - a +0 pair of gloves (worn)
 y - a +0 shield (worn)
 D - a +4 scale mail of positive energy (worn)
 H - a +0 cloak (worn)
 P - a +0 pair of boots (worn)
Jewellery
 i - a +4 ring of protection
 o - an uncursed ring of protection from fire
 r - a +5 ring of strength (right hand)
 s - an uncursed ring of stealth
 t - an uncursed ring of protection from fire
 u - a +6 amulet of reflection (around neck)
 C - a +4 ring of dexterity (left hand)
 K - an uncursed ring of magical power
 Q - an uncursed amulet of guardian spirit
 S - an uncursed ring of protection from cold
 W - an uncursed ring of resist corrosion {unknown}
 Y - an uncursed amulet of regeneration {unknown}
Wands
 b - a wand of acid (21)
 d - a wand of iceblast (9)
 k - a wand of digging (8)
 T - a wand of scattershot (12)
Scrolls
 e - 10 scrolls of magic mapping
 f - a scroll of fog
 g - 9 scrolls of remove curse {@r2}
 m - a scroll of enchant armour {unknown}
 w - 3 scrolls of fear
 I - 8 scrolls of enchant weapon
 N - 2 scrolls of teleportation
 U - a scroll of blinking {unknown}
 X - 2 scrolls of immolation
 Z - 2 scrolls of summoning
Potions
 l - a potion of invisibility {unknown}
 q - a potion of berserk rage {unknown}
 x - a potion of might {unknown}
 z - 5 potions of cancellation
 A - a potion of flight
 B - a potion of resistance {unknown}
 E - 5 potions of curing {@q1}
 J - a potion of agility {unknown}
 L - 4 potions of magic
 V - a potion of haste {unknown}
Miscellaneous
 h - a fan of gales
 j - a phantom mirror
 p - a phial of floods
Comestibles
 c - 42 rations
 n - 2 chunks of flesh


   Skills:
 + Level 14.1 Fighting
 + Level 14.1 Long Blades
 + Level 13.9 Armour
 + Level 13.0 Dodging
 + Level 14.4 Shields


You had 13 spell levels left.
You didn't know any spells.

Dungeon Overview and Level Annotations

Branches:
Dungeon (15/15)            Temple (0/1) D:6            Lair (5/6) D:8
 Shoals (0/4) Lair:4        Snake (0/4) Lair:3          Orc (0/2) D:11
 Vaults (0/5) D:13         Depths (0/5) D:15
  Slime: Lair:5-6

Altars:
Ashenzari
Cheibriados
Fedhas
Hepliaklqana
Kikubaaqudgha
Makhleb
Nemelex Xobeh
Okawaru
Qazlal
Ru
Sif Muna
Yredelemnul
Zin

Shops:
D:4 %   D:6 (   D:11 %*

Annotations:
Lair:5 exclusion: 3 oklob plants


Innate Abilities, Weirdness & Mutations

You reflexively headbutt those who attack you in melee.
You have a pair of horns on your head.
You tend to lose your temper in combat.


Message History

* * * LOW HITPOINT WARNING * * *
The oklob plant spits acid at you. The splash of acid hits you!
* * * LOW HITPOINT WARNING * * *
You are splashed with acid!
The acid burns!
* * * LOW HITPOINT WARNING * * *
As you read the scroll of teleportation, it crumbles to dust.
You feel strangely unstable. The oklob plant spits acid at you.
The splash of acid hits you! The acid corrodes you!
You are splashed with acid!
The acid burns!
* * * LOW HITPOINT WARNING * * *
The oklob plant spits acid at you. The splash of acid hits you!
* * * LOW HITPOINT WARNING * * *
The acid corrodes you!
You are splashed with acid!
The acid burns!
* * * LOW HITPOINT WARNING * * *
The oklob plant spits acid at you. The splash of acid hits you!
You die...

####### #%)$$[# #?PP.P# ##
#.$..)# .(# #.}.$.# #####
....#$..%@#......
....#PPPP.#......
.................
.................
.................
$.................#
.............##...## ..
......#.######....P .P#
....###..##.##....###..###


You could see 3 oklob plants.

Vanquished Creatures
  4 vault guards (D:13)
  A hydra (Lair:1)
  3 centaur warriors (D:15)
  A rakshasa (D:15)
  The ghost of Bunnehwyld the Grappler, a novice TrMo of the Shining One (D:10)
  11 two-headed ogres
  Urug (Lair:2)
  A death yak (Lair:5)
  4 tengu warriors (D:15)
  A slime creature (D:13)
  An unseen horror (D:11)
  A deep elf archer (D:13)
  An orc sorcerer (D:13)
  A deep elf mage (D:12)
  An orc knight (D:13)
  An orb spider (shapeshifter) (D:13)
  19 ugly things
  An oklob plant (Lair:5)
  A cyclops (D:13)
  6 manticores
  A black mamba (shapeshifter) (D:15)
  7 elephants
  2 black mambas
  7 spiny frogs
  4 gargoyles
  2 kobold demonologists
  A rime drake (shapeshifter) (D:15)
  A rime drake (Lair:4)
  A yaktaur (D:15)
  A freezing wraith (D:15)
  7 komodo dragons
  2 efreet
  6 tengu conjurers
  A redback zombie (D:15)
  3 trolls
  3 meliai (D:15)
  2 hornets
  A dream sheep (Lair:4)
  A snapping turtle (Lair:4)
  8 blink frogs (Lair:2)
  3 hippogriffs
  Sigmund (D:5)
  A tarantella (shapeshifter) (D:15)
  4 shadows
  3 vampires
  A wraith (D:11)
  2 wyverns
  30 yaks
  6 basilisks
  2 vampire mosquitoes (D:12)
  2 hungry ghosts
  Edmund (D:5)
  A naga (Lair:3)
  8 porcupines
  7 water moccasins
  4 sky beasts
  5 orc warriors
  5 ice beasts
  4 necrophages
  7 ogres
  6 phantoms
  6 wolves
  10 centaurs
  9 crocodiles
  2 big kobolds
  16 bullfrogs
  A gnoll sergeant (D:13)
  5 scorpions
  15 killer bees
  8 howler monkeys
  15 wights
  2 electric eels (Lair:4)
  3 lava snakes (D:10)
  8 crimson imps
  2 centaur zombies
  A quasit (D:7)
  5 human zombies (D:13)
  A bullfrog skeleton (D:9)
  A bullfrog zombie (D:4)
  4 centaur skeletons
  10 hounds
  8 jellies
  6 orc priests
  13 orc wizards
  2 human skeletons (D:13)
  Natasha (thrice) (D:2)
  9 iguanas
  6 worker ants
  3 hound zombies
  A mummy (D:7)
  3 worker ant zombies
  Robin (D:2)
  10 gnolls
  14 adders
  A howler monkey skeleton (D:9)
  A shadow imp (D:7)
  5 oozes (D:10)
  An adder skeleton (D:6)
  6 worms
  A dart slug (D:4)
  6 leopard geckos
  42 orcs
  9 bats
  A giant cockroach (D:3)
  18 goblins
  13 hobgoblins
  9 jackals
  14 kobolds
  6 quokkas
  2 ball pythons
  2 frilled lizards
  A leopard gecko zombie (D:7)
  An orc zombie (D:13)
  A quokka zombie (D:6)
  4 rats
  2 plants
574 creatures vanquished.

Vanquished Creatures (others)
  Sonja (Lair:1)
  A gargoyle (D:13)
  4 centaurs
  3 fungi
  3 plants
12 creatures vanquished.

Grand Total: 586 creatures vanquished

Notes
Turn   | Place    | Note
-------+----------+-------------------------------------------
     0 | D:1      | b5mith the Minotaur Berserker began the quest for the Orb.
     0 | D:1      | Reached XP level 1. HP: 19/19 MP: 0/0
   190 | D:1      | Reached XP level 2. HP: 23/27 MP: 1/1
   364 | D:1      | Reached ** piety under Trog
   572 | D:1      | Reached XP level 3. HP: 33/33 MP: 2/2
  1280 | D:2      | HP: 1/49 [gnoll/halberd (9)]
  1281 | D:2      | Reached XP level 4. HP: 1/41 MP: 3/3
  1603 | D:2      | Noticed Natasha
  1611 | D:2      | Killed Natasha
  1822 | D:2      | Noticed Robin
  1834 | D:2      | Killed Robin
  1837 | D:2      | Reached XP level 5. HP: 45/47 MP: 4/4
  1887 | D:2      | Noticed Natasha
  1898 | D:2      | Killed Natasha
  1898 | D:2      | Reached *** piety under Trog
  1907 | D:2      | Found a blossoming altar of Fedhas.
  2044 | D:2      | Found a glowing silver altar of Zin.
  2203 | D:2      | Noticed Natasha
  2207 | D:2      | Killed Natasha
  2275 | D:2      | Reached skill level 5 in Long Blades
  2470 | D:3      | Reached skill level 5 in Fighting
  2909 | D:3      | Reached XP level 6. HP: 56/56 MP: 5/5
  3135 | D:4      | Found Mituontu's Food Shop.
  3248 | D:4      | Reached **** piety under Trog
  3248 | D:4      | Reached skill level 5 in Armour
  3248 | D:4      | Reached XP level 7. HP: 40/62 MP: 6/6
  3567 | D:4      | Reached skill level 5 in Dodging
  4120 | D:5      | Entered Level 5 of the Dungeon
  4472 | D:5      | Found a shattered altar of Ashenzari.
  4490 | D:5      | Reached XP level 8. HP: 57/71 MP: 7/7
  4851 | D:5      | Noticed Edmund
  4853 | D:5      | Got a twisted chain mail
  4854 | D:5      | Identified the +1 chain mail "Agyqy" {rPois rC+ Int+4 Slay-6} (You found it on level 5 of the Dungeon)
  4873 | D:5      | Killed Edmund
  4873 | D:5      | Reached skill level 1 in Shields
  4900 | D:5      | Noticed Sigmund
  4908 | D:5      | Killed Sigmund
  4930 | D:5      | Found the +4 Vampire's Tooth {vamp}
  5015 | D:6      | Found Dohufosi's Antique Weapon Shop.
  5045 | D:6      | Bought a glowing long sword for 201 gold pieces
  5168 | D:6      | Found a snail-covered altar of Cheibriados.
  5290 | D:6      | Found a stormy altar of Qazlal.
  5442 | D:6      | Found a hazy altar of Hepliaklqana.
  5443 | D:6      | Found a deep blue altar of Sif Muna.
  5443 | D:6      | Found an iron altar of Okawaru.
  5443 | D:6      | Found a sparkling altar of Nemelex Xobeh.
  5456 | D:6      | Found a burning altar of Makhleb.
  5518 | D:6      | Found a staircase to the Ecumenical Temple.
  5769 | D:7      | Reached skill level 5 in Shields
  5769 | D:7      | Reached XP level 9. HP: 79/79 MP: 8/8
  5906 | D:7      | Received a gift from Trog
  6258 | D:7      | Found a sand-covered staircase.
  6502 | D:8      | Found a basalt altar of Yredelemnul.
  6641 | D:8      | Reached XP level 10. HP: 88/90 MP: 9/9
  6646 | D:8      | Noticed a two-headed ogre
  6651 | D:8      | Killed a two-headed ogre
  6651 | D:8      | Reached ***** piety under Trog
  6891 | D:8      | Noticed a two-headed ogre
  6901 | D:8      | Killed a two-headed ogre
  7100 | D:8      | Received a gift from Trog
  7113 | D:8      | Found a staircase to the Lair.
  7113 | D:8      | Noticed an elephant
  7130 | D:8      | Killed an elephant
  7540 | D:9      | Received a gift from Trog
  7973 | D:9      | Reached XP level 11. HP: 89/96 MP: 3/10
  7980 | D:10     | Entered Level 10 of the Dungeon
  7992 | D:9      | Reached skill level 10 in Shields
  8267 | D:10     | Noticed a two-headed ogre
  8281 | D:10     | Killed a two-headed ogre
  8327 | D:10     | Noticed Bunnehwyld's ghost (novice TrMo)
  8347 | D:10     | Killed Bunnehwyld's ghost
  8347 | D:10     | Reached skill level 10 in Long Blades
  8622 | D:10     | Reached skill level 10 in Fighting
  8812 | D:11     | Noticed a red ugly thing
  8824 | D:11     | Killed a red ugly thing
  8830 | D:11     | Found a blossoming altar of Fedhas.
  8890 | D:11     | Reached skill level 10 in Armour
  9004 | D:11     | Received a gift from Trog
  9078 | D:11     | Found Jubaong's Demolitions Depot.
  9366 | D:11     | Found Ulun's Food Emporium.
  9369 | D:11     | Found a staircase to the Orcish Mines.
  9661 | D:11     | Killed an unseen horror
 10140 | D:12     | Noticed a deep elf mage
 10145 | D:12     | Killed a deep elf mage
 10261 | D:12     | Noticed a two-headed ogre
 10269 | D:12     | Killed a two-headed ogre
 10269 | D:12     | Reached XP level 12. HP: 101/107 MP: 3/11
 10285 | D:12     | Noticed a two-headed ogre
 10304 | D:12     | Killed a two-headed ogre
 10326 | D:12     | Noticed a two-headed ogre
 10335 | D:12     | Killed a two-headed ogre
 10335 | D:12     | Reached skill level 10 in Dodging
 11011 | D:13     | Noticed a vault guard
 11394 | D:13     | Noticed a vault guard
 11416 | D:13     | Killed a vault guard
 11420 | D:13     | Killed a vault guard
 11550 | D:13     | Gained mutation: You tend to lose your temper in combat. [a neqoxec]
 11896 | D:13     | Found a gate to the Vaults.
 11896 | D:13     | Noticed a vault guard
 11896 | D:13     | Noticed a vault guard
 11911 | D:13     | Killed a vault guard
 11918 | D:13     | Killed a vault guard
 12110 | D:13     | Noticed a two-headed ogre
 12121 | D:13     | Killed a two-headed ogre
 12210 | D:13     | Reached XP level 13. HP: 118/118 MP: 4/12
 12221 | D:13     | Found an ancient bone altar of Kikubaaqudgha.
 12231 | D:13     | Reached ****** piety under Trog
 12866 | D:14     | Received a gift from Trog
 13382 | D:15     | Entered Level 15 of the Dungeon
 13864 | D:15     | Found a staircase to the Depths.
 13898 | D:15     | Found a sacrificial altar of Ru.
 14674 | D:15     | Reached XP level 14. HP: 93/129 MP: 4/13
 14693 | D:15     | Received a gift from Trog
 15172 | Lair:1   | Entered Level 1 of the Lair of Beasts
 15863 | Lair:1   | Noticed Sonja
 15896 | Lair:1   | Killed Sonja
 16205 | Lair:2   | Noticed Urug
 16219 | Lair:2   | Killed Urug
 16320 | Lair:2   | Found a deep blue altar of Sif Muna.
 17241 | Lair:3   | Found a staircase to the Snake Pit.
 17489 | Lair:3   | Received a gift from Trog
 18300 | Lair:4   | Found a staircase to the Shoals.
 19005 | Lair:5   | Found the +6 shillelagh "Devastator" {shatter}
 19019 | Lair:5   | HP: 6/132 [acid (14)]
 19019 | Lair:5   | Killed from afar by an oklob plant

Vault maps used:
D:1:      enne_arrival_octagon_isle, minmay_tetromino_i4
D:2:      fedhas_altar_4, nicolae_overflow_hidden_temple, first_ration,
          uniq_natasha, uniq_robin
D:3:      minmay_misc_feat_square
D:4:      serial_shops, shop
D:5:      basic_altar, sigmund_edmund_badplayer
D:6:      grunt_temple_overflow_open, minmay_temple_entry_statues_pillars,
          columned_hall_lemuel, minmay_shop_grid_forest, grunt_qazlal_clouds
D:7:      cheibrodos_fzero, gup_ossuary_entry_pyramid
D:8:      lemuel_crystal_altar, david_lair_generic
D:10:     hangedman_little_slice_of_home, kennysheep_diamond, item_on_display_a
D:11:     orc_0_dummy, basic_altar, serial_shops,
          nicolae_shop_competitors_out_of_business, nicolae_blasting_shop
D:12:     grunt_decor_arrowhead
D:13:     grunt_vaults_entry_fortified, lemuel_mausoleum_altar_kikubaaqudgha
D:14:     hangedman_glass_teeth, lemuel_flame_loot_1
D:15:     hangedman_depths_entry_civil_slaughter, minivault_19, st_stairs_3,
          nicolae_ru_sacrificial_ziggurat
Lair:1:   beast_lair_carwin_large_4, st_stairs_7, uniq_sonja
Lair:2:   nicolae_quartered_pool_medium, lemuel_centaur_altar, uniq_urug
Lair:3:   guppyfry_snake_entry_island, eino_small_chamber_without_monster,
          grunt_megastairs_5
Lair:4:   minmay_shoals_entry_hut, grunt_forest_large_clearing_hut,
          serial_bayou_shore_a
Lair:5:   beast_lair_carwin_large_3, portal_ice_cave_rime,
          minmay_lair_oklob_chamber

Skill      XL: |  1  2  3  4  5  6  7  8  9 10 11 12 13 14 |
---------------+-------------------------------------------+-----
Long Blades    | 4 5 6 7 8 9 10 12 13 14 | 14.1
Fighting       | 4 5 6 7 8 9 10 12 13 14 | 14.1
Armour         | 3 4 5 6 7 8 9 10 11 13 | 13.9
Dodging        | 3 4 5 6 7 8 9 11 12 13 | 13.0
Shields        | 5 7 9 11 12 13 14 | 14.4

Action                   |  1- 3 |  4- 6 |  7- 9 | 10-12 | 13-15 || total
-------------------------+-------+-------+-------+-------+-------++-------
Melee: Falchion          |    93 |   131 |   113 |       |       ||   337
       Headbutt          |    20 |    25 |    73 |   209 |   278 ||   605
       Long sword        |       |       |   157 |       |       ||   157
       Scimitar          |       |       |    22 |   624 |   784 ||  1430
 Fire: Hunting sling     |       |    19 |     5 |       |       ||    24
Invok: Berserk           |     1 |     1 |     2 |     6 |     6 ||    16
Evoke: Wand              |       |       |       |       |     1 ||     1
  Use: Potion            |     3 |       |       |     1 |     1 ||     5
       Scroll            |       |     3 |     4 |    12 |     8 ||    27
 Stab: Sleeping          |       |     2 |       |       |       ||     2
  Eat: Chunk             |     1 |     9 |     9 |    17 |    18 ||    54
       Ration            |       |       |     1 |     2 |     3 ||     6
Armor: Animal skin       |    17 |       |       |       |       ||    17
       Ring mail         |       |    36 |    27 |       |       ||    63
       Scale mail        |       |       |    45 |    94 |   111 ||   250
Dodge: Dodged            |    51 |    73 |    89 |   210 |   243 ||   666
Block: Shield            |       |       |   177 |   505 |   598 ||  1280
       Reflection        |       |       |     6 |    38 |    23 ||    67
       Rpst.: Falchion   |    16 |    20 |     9 |       |       ||    45
       Long sword        |       |       |     8 |       |       ||     8
       Scimitar          |       |       |     2 |    34 |    42 ||    78

Table legend:
 A = Spawn XP
 B = Non-spawn XP
 C = Spawn XP percentage of total XP
 D = Spawn monster count
 E = Non-spawn monster count
 F = Spawn count percentage of total count
 G = Total turns spent on level
                    A         B        C        D         E        F      G
               +---------+---------+-------+---------+---------+-------+---------
         Total |       0 |   97820 |   0.0 |       0 |     578 |   0.0 | 19019
               +---------+---------+-------+---------+---------+-------+---------
           D:1 |       0 |      44 |   0.0 |       0 |      23 |   0.0 |   947
           D:2 |       0 |     273 |   0.0 |       0 |      41 |   0.0 |  1363
           D:3 |       0 |      64 |   0.0 |       0 |      28 |   0.0 |   641
           D:4 |       0 |     779 |   0.0 |       0 |      21 |   0.0 |  1169
           D:5 |       0 |     818 |   0.0 |       0 |      19 |   0.0 |   879
           D:6 |       0 |     784 |   0.0 |       0 |      21 |   0.0 |   759
           D:7 |       0 |    2406 |   0.0 |       0 |      42 |   0.0 |   708
           D:8 |       0 |    3451 |   0.0 |       0 |      19 |   0.0 |  1037
           D:9 |       0 |    2965 |   0.0 |       0 |      40 |   0.0 |   542
          D:10 |       0 |    3139 |   0.0 |       0 |      30 |   0.0 |  1052
          D:11 |       0 |    5252 |   0.0 |       0 |      37 |   0.0 |   942
          D:12 |       0 |    5659 |   0.0 |       0 |      20 |   0.0 |   792
          D:13 |       0 |   12935 |   0.0 |       0 |      45 |   0.0 |  1721
          D:14 |       0 |    7685 |   0.0 |       0 |      26 |   0.0 |   953
          D:15 |       0 |   24677 |   0.0 |       0 |      53 |   0.0 |  1667
        Lair:1 |       0 |    9844 |   0.0 |       0 |      36 |   0.0 |  1033
        Lair:2 |       0 |    6592 |   0.0 |       0 |      28 |   0.0 |   882
        Lair:3 |       0 |    1773 |   0.0 |       0 |      10 |   0.0 |   708
        Lair:4 |       0 |    6703 |   0.0 |       0 |      34 |   0.0 |  1119
        Lair:5 |       0 |    1977 |   0.0 |       0 |       5 |   0.0 |   105
               +---------+---------+-------+---------+---------+-------+---------
